 Dungeon Crawl Stone Soup version 0.29-a0-43-g62a80824bf (webtiles) character file.

Game seed: 3411076347996125002

80 enile the Firebug (level 4, -2/25 HPs)
             Began as a Tengu Fire Elementalist on Feb 2, 2022.
             Was a Follower of Nemelex Xobeh.
             Slain by Grinder (3 damage)
             ... on level 3 of the Dungeon.
             The game lasted 00:04:39 (3918 turns).

enile the Firebug (Tengu Fire Elementalist)         Turns: 3918, Time: 00:04:40

Health: -2/25      AC:  2    Str:  9    XL:     4   Next: 39%
Magic:  2/8        EV: 12    Int: 19    God:    Nemelex Xobeh [*.....]
Gold:   68         SH:  5    Dex: 14    Spells: 4/7 levels left

rFire   . . .      SeeInvis .   g - +0 short sword (vorpal)
rCold   + . .      Faith    .   (no shield)
rNeg    . . .      Spirit   .   a - +0 robe
rPois   .          Reflect  +   (helmet restricted)
rElec   .          Harm     .   (no cloak)
rCorr   .          Rampage  .   (no gloves)
Will    .....                   (boots unavailable)
Stlth   ++........              h - amulet of reflection
HPRegen 0.08/turn               f - ring of protection from cold
MPRegen 0.11/turn               (no ring)

@: no status effects
A: beak, talons 3, clever 1
a: Renounce Religion, Draw Escape, Draw Destruction, Draw Summoning


You were on level 3 of the Dungeon.
You worshipped Nemelex Xobeh.
Nemelex Xobeh was aware of your devotion.
You visited 1 branch of the dungeon, and saw 3 of its levels.

You collected 68 gold pieces.

Inventory:

Hand Weapons
 d - a +1 dagger of holy wrath
 g - a +0 vorpal short sword (weapon)
Armour
 a - a +0 robe (worn)
 j - a +0 kite shield
Jewellery
 f - a ring of protection from cold (left hand)
 h - an amulet of reflection (around neck)
Scrolls
 b - 2 scrolls of noise {unknown}
 e - a scroll of teleportation
 k - a scroll of brand weapon
Potions
 c - a potion of mutation
 i - a potion of heal wounds
 l - a potion of haste {unknown}


   Skills:
 - Level 1.0 Fighting
 + Level 0.4 Short Blades
 - Level 2.2 Dodging
 - Level 2.2 Stealth
 - Level 2.0 Spellcasting
 - Level 4.0 Conjurations
 - Level 4.0 Fire Magic


You had 4 spell levels left.
You knew the following spells:

 Your Spells              Type           Power      Damage    Failure   Level
a - Foxfire               Conj/Fire      68%        2x1d7     3%          1
b - Scorch                Fire           34%        2d7       4%          2

Your spell library contained the following spells:

 Spells                   Type           Power      Damage    Failure   Level
 Conjure Flame            Conj/Fire      17%        6-21      10%         3
 Slow                     Hex            4%         N/A       17%         1
 Inner Flame              Hex/Fire       9%         N/A       22%         3
 Flame Wave               Conj/Fire      17%        2d6       32%         4
 Confusing Touch          Hex            1%         N/A       45%         3
 Vampiric Draining        Necr           1%         2d6       45%         3


Dungeon Overview and Level Annotations

Branches:
Dungeon (3/15)

Altars:
Nemelex Xobeh

Annotations:
D:3 Grinder


Innate Abilities, Weirdness & Mutations

You have a beak for a mouth.
You have claws for feet.
Your mind is acute. (Int +2)


Message History

h - an amulet of reflection (around neck)
Found a book of Blood.
Grinder is nearby!
Casting: Scorch (safe; 4% risk of failure)
Confirm with . or Enter, or press ? or * to list all spells.
You miscast Foxfire.
You are very lightly contaminated with residual magic.
Nothing appears to happen.
Grinder shouts!
Grinder says, "Wait up."
Grinder gestures at you.
You suddenly lose the ability to move!
Grinder blinks!
Grinder gestures at you. You resist with significant effort.
Your magical contamination has completely faded away.
You can move again.
Casting: Foxfire (safe; 3% risk of failure)
Confirm with . or Enter, or press ? or * to list all spells.
Flames lash Grinder.
Grinder is lightly wounded.
Grinder's fire resistance burns away.
Casting: Scorch (safe; 4% risk of failure)
Confirm with . or Enter, or press ? or * to list all spells.
Flames lash Grinder.
Grinder is burned terribly!
Grinder is heavily wounded.
Grinder hits you!
You writhe in agony.
Grinder barely misses you.
Casting: Scorch (safe; 4% risk of failure)
Confirm with . or Enter, or press ? or * to list all spells.
Flames lash Grinder.
Grinder is burned terribly!
Grinder is severely wounded.
Grinder hits you.
* * * LOW HITPOINT WARNING * * *
You writhe in agony.
* * * LOW HITPOINT WARNING * * *
Grinder says, "At least Makhleb appreciates what I'm doing."
Grinder hits you.
You die...
Your body disappears without a glow.

### 5. ..### #.
###.... #. ....:
#.####...###
#.......... ..# #.5.#
#.# #@########## #.#
#..........# #.#
######.##### #.# #.#
#.### ####.#####..
#...# #...........
###.####.##.######..#
#..................#
########
#..####.#.##.#####.#


You could see Grinder (combustible).

Vanquished Creatures
  2 adders
  2 worms
  A dart slug (D:1)
  6 endoplasms
  6 giant cockroaches
  7 goblins
  5 hobgoblins
  3 jackals (D:1)
  2 quokkas (D:1)
  5 ball pythons
  4 bats
  A frilled lizard (D:1)
  2 kobolds
  3 rats
49 creatures vanquished.

Vanquished Creatures (others)
  203 foxfires
203 creatures vanquished.

Grand Total: 252 creatures vanquished

Notes
Turn   | Place    | Note
-------+----------+-------------------------------------------
     0 | D:1      | enile the Tengu Fire Elementalist began the quest for the
                  | Orb.
     0 | D:1      | Reached XP level 1. HP: 10/10 MP: 4/4
   337 | D:1      | Reached skill level 1 in Fighting
   390 | D:1      | Reached XP level 2. HP: 16/16 MP: 0/6
   791 | D:1      | Reached XP level 3. HP: 20/20 MP: 2/7
  1632 | D:2      | Learned a level 2 spell: Scorch
  2497 | D:2      | Reached XP level 4. HP: 25/25 MP: 3/8
  2864 | D:2      | Found a faded altar of an unknown god.
  3115 | D:2      | Prayed at the altar of an unknown god.
  3115 | D:2      | Became a worshipper of Nemelex Xobeh the Trickster
  3115 | D:2      | Reached * piety under Nemelex Xobeh
  3401 | D:3      | Noticed Grinder
  3410 | D:3      | Paralysed by something for 7 turns
  3425 | D:3      | Gained mutation: Your mind is acute. (Int +2) [potion of
                  | mutation]
  3733 | D:3      | Received a gift from Nemelex Xobeh
  3906 | D:3      | Paralysed by Grinder for 7 turns
  3917 | D:3      | HP: 1/25 [Grinder (6)]
  3918 | D:3      | Slain by Grinder

Illustrated notes

Levels and vault maps discovered:
D:1:      sevenhm_arrival_forest_fort_small_3, layout_loops_ring, minmay_3d_cube
D:2:      layout_loops_ring, shapermc_ecumenical_altar_venn
D:3:      layout_loops_ring, kennysheep_small_spiral, uniq_grinder, uniq_terence

Skill      XL: |  1  2  3  4 |
---------------+-------------+-----
Fighting       | 1 |  1.0
Conjurations   | 2 3 4 |  4.0
Fire Magic     | 4 |  4.0
Short Blades   | |  0.4
Dodging        | |  2.2
Stealth        | |  2.2
Spellcasting   | |  2.0

Action                   |  1- 3 |  4- 6 || total
-------------------------+-------+-------++-------
Melee: Unarmed           |     3 |       ||     3
       Peck              |     5 |       ||     5
       Short sword       |    11 |     8 ||    19
       Kick              |     3 |       ||     3
 Cast: Foxfire           |   116 |    18 ||   134
       Scorch            |     5 |    10 ||    15
  Use: Scroll            |       |     3 ||     3
       Potion            |       |     3 ||     3
Armor: Robe              |     4 |     7 ||    11
Dodge: Dodged            |    36 |    14 ||    50

Table legend: (Time is in decaauts)
 A = Elapsed time spent in this place.
 B = Non-inter-level travel time spent in this place.
 C = Inter-level travel time spent in this place.
 D = Time resting spent in this place.
 E = Time spent auto-exploring this place.
 F = Levels seen in this place.
 G = Mean time per level.
                   A        B        C        D        E       F      G
               +--------+--------+--------+--------+--------+-----+--------+
         Total |   3919 |   3827 |     92 |    308 |   3028 |   3 | 1306.3 |
       Dungeon |   3919 |   3827 |     92 |    308 |   3028 |   3 | 1306.3 |
               +--------+--------+--------+--------+--------+-----+--------+

Top non-repeatable levels by time:
     D:1: 1819 daAuts
     D:2: 1492 daAuts
     D:3: 608 daAuts
